 Dungeon Crawl Stone Soup version 0.26-a0-540-g8a0c9464d7 (webtiles) character file.

Game seed: 17669057984976115662

31 Lanoc the Sneak (level 3, -7/36 HPs)
             Began as a Troll Delver on Aug 16, 2020.
             Mangled by a bullfrog (9 damage)
             ... on level 5 of the Dungeon.
             The game lasted 00:00:26 (237 turns).

Lanoc the Sneak (Troll Delver)                       Turns: 237, Time: 00:00:27

Health: -7/36      AC:  6    Str: 20    XL:     3   Next: 7%
Magic:  2/2        EV: 10    Int:  6    God:
Gold:   13         SH:  0    Dex: 12    Spells: 2/2 levels left

rFire    . . .     SeeInvis .   a - +0 hand axe
rCold    . . .     Faith    .   (no shield)
rNeg     . . .     Spirit   .   b - +0 robe
rPois    .         Reflect  .   (helmet restricted)
rElec    .         Harm     .   (no cloak)
rCorr    .                      (gloves unavailable)
MR       .....                  (boots unavailable)
Stlth    ++........             (no amulet)
HPRegen  0.52/turn              (no ring)
MPRegen  0.08/turn              (no ring)

@: no status effects
A: large, unfitting armour, claws 3, regeneration 1, shaggy fur 1, tough skin 3
a: no special abilities


You were on level 5 of the Dungeon.
You visited 1 branch of the dungeon, and saw 1 of its levels.

You collected 13 gold pieces.

Inventory:

Hand Weapons
 a - a +0 hand axe (weapon)
Armour
 b - a +0 robe (worn)
Wands
 g - a wand of digging (3)
Scrolls
 c - a scroll of fog
 d - a scroll of magic mapping
 e - a scroll of fear
Potions
 f - a potion of haste


   Skills:
 + Level 2.7 Fighting
 * Level 2.3 Axes
 + Level 2.0 Dodging
 - Level 2.7 Stealth


You had 2 spell levels left.
You didn't know any spells.
Your spell library was empty.

Dungeon Overview and Level Annotations

Branches:
Dungeon (5/15)
 Temple: D:4-7

Altars:


Innate Abilities, Weirdness & Mutations

You are too large for most types of armour.
You have claws for hands.
Your natural rate of healing is unusually fast.
You are covered in fur. (AC +1)
You have extremely tough skin. (AC +3)


Message History

The bullfrog is almost dead.
The bullfrog hits you. The bullfrog closely misses you.
You hit the bullfrog.
The bullfrog is almost dead.
The bullfrog hits you but does no damage.
The bullfrog swells and bulges.
The bullfrog hits you!
* * * LOW HITPOINT WARNING * * *
You closely miss the bullfrog.
The bullfrog is almost dead.
The bullfrog hits you.
* * * LOW HITPOINT WARNING * * *
You completely miss the bullfrog.
The bullfrog is almost dead.
The bullfrog barely misses you. The bullfrog completely misses you.
You closely miss the bullfrog.
The bullfrog is almost dead.
The bullfrog hits you but does no damage.
The bullfrog hits you!
You die...

###### ###########
#..... #..........
#..... #..........
#..... #.....<....
#..... #..........
#....F#######..........
#@.......#########
#........# #........#
#........#
######........#
#.......#######
#.......# #.......#
#.......#


You could see a bullfrog.

Vanquished Creatures
  A bullfrog zombie (D:5)
1 creature vanquished.

Notes
Turn   | Place    | Note
-------+----------+-------------------------------------------
     0 | D:5      | Lanoc the Troll Delver began the quest for the Orb.
     0 | D:5      | Reached XP level 1. HP: 22/22 MP: 0/0
    20 | D:5      | Reached XP level 2. HP: 15/29 MP: 1/1
    20 | D:5      | Reached XP level 3. HP: 18/36 MP: 2/2
   215 | D:5      | Noticed a bullfrog
   235 | D:5      | HP: 1/36 [bullfrog (6)]
   237 | D:5      | Mangled by a bullfrog

Illustrated notes

Levels and vault maps discovered:
D:5:      layout_gridville, grunt_decor_mini_mirrors

Skill      XL: |  1 |
---------------+----+-----
Axes           | 2 |  2.3
Dodging        | 2 |  2.0
Fighting       | |  2.7
Stealth        | |  2.7

Action                   || total
-------------------------++-------
Melee: Hand axe          ||    32
Armor: Robe              ||    11
Dodge: Dodged            ||    26

Table legend: (Time is in decaauts)
 A = Elapsed time spent in this place.
 B = Non-inter-level travel time spent in this place.
 C = Inter-level travel time spent in this place.
 D = Time resting spent in this place.
 E = Time spent auto-exploring this place.
 F = Levels seen in this place.
 G = Mean time per level.
                   A        B        C        D        E       F      G
               +--------+--------+--------+--------+--------+-----+--------+
         Total |    241 |    241 |      0 |     28 |    147 |   1 |  241.0 |
       Dungeon |    241 |    241 |      0 |     28 |    147 |   1 |  241.0 |
               +--------+--------+--------+--------+--------+-----+--------+

Top non-repeatable levels by time:
     D:5: 241 daAuts
